 Dungeon Crawl Stone Soup version 0.28-a0-1117-g0bdd5ba030 (webtiles) character file.

Game seed: 85843897884698554

641 boopmooplesden the Covered (level 7, -4/61 HPs)
             Began as a Minotaur Fighter on Dec 11, 2021.
             Was an Initiate of Okawaru.
             Slain by an ogre (26 damage)
             ... on level 5 of the Dungeon.
             The game lasted 00:04:10 (3779 turns).

boopmooplesden the Covered (Minotaur Fighter)       Turns: 3779, Time: 00:04:11

Health: -4/61      AC: 12    Str: 23    XL:     7   Next: 26%
Magic:  6/6        EV:  7    Int:  5    God:    Okawaru [......]
Gold:   129        SH:  6    Dex: 17    Spells: 6/6 levels left

rFire   . . .      SeeInvis .   u - +1 war axe (freeze)
rCold   + . .      Faith    .   c - +1 buckler
rNeg    . . .      Spirit   .   m - +0 plate armour
rPois   .          Reflect  .   (helmet restricted)
rElec   .          Harm     .   (no cloak)
rCorr   .          Rampage  .   (no gloves)
Will    +....                   (no boots)
Stlth   ..........              (no amulet)
HPRegen 0.20/turn               i - ring "Watsiul" {Ice Contam Will+ Dex+8 Stlth+}
MPRegen 0.10/turn               l - ring of protection from fire

@: no status effects
A: horns 2, retaliatory headbutt
a: Renounce Religion


You were on level 5 of the Dungeon.
You worshipped Okawaru.
Okawaru was noncommittal.
You visited 2 branches of the dungeon, and saw 6 of its levels.

You collected 129 gold pieces.

Inventory:

Hand Weapons
 a - a +0 war axe
 u - a +1 war axe of freezing (weapon)
Missiles
 f - 2 javelins (quivered)
 r - a throwing net
 t - 6 boomerangs
Armour
 b - a +0 scale mail
 c - a +1 buckler (worn)
 m - a +0 plate armour (worn)
 s - a +2 chain mail of cold resistance
Jewellery
 e - an amulet of the acrobat
 g - an amulet of faith
 i - the ring "Watsiul" (left hand) {Ice Contam Will+ Dex+8 Stlth+}
   (You acquired it on level 3 of the Dungeon)

   [ring of ice]

   It enhances your ice magic.
   Dex:       It affects your dexterity (+8).
   rF:        It makes you vulnerable to fire.
   rC:        It protects you from cold.
   Contam:    It causes magical contamination when unequipped.
   Will:      It increases your willpower.
   Stlth:     It makes you more stealthy.
 l - a ring of protection from fire (right hand)
 z - a +6 ring of intelligence
Wands
 A - a wand of iceblast (7)
Scrolls
 j - 2 scrolls of enchant weapon {unknown}
 o - 2 scrolls of identify {unknown}
 v - 2 scrolls of teleportation
 y - a scroll of amnesia {unknown}
Potions
 d - 2 potions of might
 h - 2 potions of degeneration {unknown}
 k - 3 potions of curing {unknown}
 n - a potion of attraction {unknown}
 p - a potion of flight {unknown}
 q - a potion of magic {unknown}
 w - a potion of brilliance {unknown}
 x - a potion of mutation {unknown}


   Skills:
 + Level 5.3 Fighting
 + Level 6.1 Axes
 + Level 6.3 Armour
 + Level 1.4 Dodging
 + Level 4.8 Shields


You had 6 spell levels left.
You didn't know any spells.
Your spell library was empty.

Dungeon Overview and Level Annotations

Branches:
Dungeon (5/15)             Temple (1/1) D:4

Altars:
Ashenzari
Cheibriados
Fedhas
Gozag
Kikubaaqudgha
Okawaru
Sif Muna
Vehumet

Shops:
D:3 *[[(*   D:4 *   D:5 (

Annotations:
D:5 1 transporter, rougesareth's ghost, novice TrFi


Innate Abilities, Weirdness & Mutations

You have a pair of horns on your head.
You reflexively headbutt those who attack you in melee.


Message History

You block the bullfrog zombie's attack. The bullfrog zombie barely misses you.
You furiously retaliate!
You headbutt the bullfrog zombie, but do no damage.
You hit the bullfrog zombie.
The bullfrog zombie is lightly damaged.
The bullfrog zombie barely misses you.
You hit the bullfrog zombie.
Your headbutt misses the bullfrog zombie.
The bullfrog zombie is lightly damaged.
The bullfrog zombie hits you. The bullfrog zombie barely misses you.
You slash the bullfrog zombie!
The bullfrog zombie is heavily damaged.
The bullfrog zombie hits you.
You barely miss the bullfrog zombie.
The bullfrog zombie is heavily damaged.
The bullfrog zombie hits you but does no damage. x2
You closely miss the bullfrog zombie.
The bullfrog zombie is heavily damaged.
The bullfrog zombie hits you but does no damage.
You block the bullfrog zombie's attack.
You slash the bullfrog zombie! You headbutt the bullfrog zombie.
The bullfrog zombie is severely damaged.
The bullfrog zombie hits you but does no damage.
You slash the bullfrog zombie!
You destroy the bullfrog zombie!
Okawaru accepts your kill.
Your Axes skill increases to level 6!
An ogre comes into view. It is wielding a +0 giant spiked club.
The ogre shouts!
An ogre is nearby!
The ogre hits you with a +0 giant spiked club!!
You hit the ogre. You freeze the ogre.
The ogre is lightly wounded.
The ogre hits you with a +0 giant spiked club!!
You slash the ogre! You freeze the ogre. Your headbutt misses the ogre.
The ogre is heavily wounded.
You hit the ogre but do no damage.
The ogre is heavily wounded.
The ogre hits you with a +0 giant spiked club!!
You die...

.......
.......
##.....#
.......
#......#
.......
#......#
.......
......#
.......
#.....#
.....#
#.....#
.....#
#.O...#
.....+
+.@...#
.....#
#.....#
.....#
#.....#
.....#
#.....#
.....+
#.....#
.....#
#.....#
.....#
#.....#
.....#
#.....#
.....#
#.....#


You could see an ogre.

Vanquished Creatures
  Grinder (D:3)
  A scorpion (D:4)
  A bullfrog zombie (D:5)
  A hound (D:4)
  An orc priest (D:4)
  An iguana (D:5)
  A jelly (D:5)
  A bullfrog skeleton (D:4)
  Terence (D:3)
  Ijyb (D:5)
  An orc wizard (D:4)
  A hound skeleton (D:4)
  3 gnolls (D:2)
  3 adders
  An adder skeleton (D:4)
  3 worms
  4 dart slugs
  7 orcs (D:4)
  An endoplasm (D:4)
  4 giant cockroaches
  4 goblins
  3 hobgoblins
  2 jackals (D:4)
  2 quokkas
  8 ball pythons
  A bat (D:1)
  A frilled lizard (D:1)
  8 kobolds
  4 rats (D:1)
71 creatures vanquished.

Notes
Turn   | Place    | Note
-------+----------+-------------------------------------------
     0 | D:1      | boopmooplesden the Minotaur Fighter began the quest for the
                  | Orb.
     0 | D:1      | Reached XP level 1. HP: 19/19 MP: 0/0
   197 | D:1      | Reached XP level 2. HP: 27/27 MP: 1/1
   438 | D:1      | Found a faded altar of an unknown god.
   645 | D:2      | Reached XP level 3. HP: 34/34 MP: 2/2
  1090 | D:2      | Reached XP level 4. HP: 26/41 MP: 3/3
  1517 | D:3      | Identified a scroll of acquirement
  1517 | D:3      | Acquired the ring "Watsiul" {Ice Contam Will+ Dex+8 Stlth+}
  1718 | D:3      | Found Timeergh's Assorted Antiques.
  1838 | D:3      | Found Boridux's Weapon Shoppe.
  1934 | D:3      | Found Xademn's Assorted Antiques.
  1979 | D:3      | Found Roaza's Antique Armour Emporium.
  2008 | D:3      | Noticed Grinder
  2009 | D:3      | Noticed Terence
  2018 | D:3      | Killed Terence
  2019 | D:3      | Reached skill level 5 in Armour
  2034 | D:3      | Killed Grinder
  2035 | D:3      | Reached XP level 5. HP: 18/47 MP: 4/4
  2035 | D:3      | Reached XP level 6. HP: 21/55 MP: 5/5
  2240 | D:3      | Found Ukhlu's Antique Armour Shop.
  2546 | D:4      | Found Nuered's Lightly-Used Armoury.
  2609 | D:4      | Reached skill level 5 in Axes
  2636 | D:4      | Reached skill level 5 in Fighting
  2956 | D:4      | Found a staircase to the Ecumenical Temple.
  3099 | Temple   | Entered the Ecumenical Temple
  3151 | Temple   | Became a worshipper of Warmaster Okawaru
  3229 | D:4      | Reached XP level 7. HP: 31/61 MP: 6/6
  3554 | D:5      | Entered Level 5 of the Dungeon
  3555 | D:5      | Found a transporter.
  3555 | D:5      | Noticed rougesareth's ghost (novice TrFi)
  3623 | D:5      | Found Gashri Kipn's Weapon Emporium.
  3653 | D:5      | Noticed Ijyb
  3665 | D:5      | Killed Ijyb
  3666 | D:5      | Reached skill level 1 in Dodging
  3779 | D:5      | Slain by an ogre

Illustrated notes

Levels and vault maps discovered:
D:1:      saegor_arrival_simple_c, layout_basic, shapermc_ecumenical_altar_gd
D:2:      layout_basic, kennysheep_generic_room_15
D:3:      layout_basic, serial_shops, nicolae_shop_stone, nicolae_diamond_shop,
          nicolae_square_shop, shop, shop, uniq_grinder, uniq_terence
D:4:      layout_loops_ring, minmay_temple_entry_antechambers,
          minmay_shop_damaged
D:5:      layout_gridville, chequers_temple_overflow_statue_of_worship,
          gammafunk_ghost_arena, serial_shops, shop_statue,
          nicolae_shop_temple_entry_statues_fountains, nicolae_take_the_stairs,
          kennysheep_boxes, uniq_ijyb, uniq_pikel
Temple:   mainiacjoe_temple_bowtie_tessellation

Skill      XL: |  1  2  3  4  5  6  7 |
---------------+----------------------+-----
Armour         | 4 5 6 |  6.3
Fighting       | 4 5 |  5.3
Shields        | 4 |  4.8
Axes           | 3 4 5 6 |  6.1
Dodging        | 1 |  1.4

Action                   |  1- 3 |  4- 6 |  7- 9 || total
-------------------------+-------+-------+-------++-------
Melee: War axe           |    61 |    80 |    26 ||   167
       Headbutt          |     7 |    21 |     3 ||    31
  Use: Scroll            |       |     3 |       ||     3
Armor: Scale mail        |     8 |       |       ||     8
       Plate armour      |    22 |    44 |    10 ||    76
Dodge: Dodged            |    39 |    21 |     3 ||    63
Block: Buckler           |    20 |    20 |     7 ||    47

Table legend: (Time is in decaauts)
 A = Elapsed time spent in this place.
 B = Non-inter-level travel time spent in this place.
 C = Inter-level travel time spent in this place.
 D = Time resting spent in this place.
 E = Time spent auto-exploring this place.
 F = Levels seen in this place.
 G = Mean time per level.
                   A        B        C        D        E       F      G
               +--------+--------+--------+--------+--------+-----+--------+
         Total |   3827 |   3680 |    147 |    100 |   2923 |   6 |  637.8 |
       Dungeon |   3748 |   3602 |    146 |    100 |   2885 |   5 |  749.6 |
        Temple |     78 |     78 |      0 |      0 |     38 |   1 |   78.0 |
               +--------+--------+--------+--------+--------+-----+--------+

Top non-repeatable levels by time:
     D:4: 992 daAuts
     D:3: 985 daAuts
     D:2: 919 daAuts
     D:1: 621 daAuts
     D:5: 229 daAuts
  Temple: 78 daAuts
